 Dungeon Crawl Stone Soup version 0.23-a0-644-gb60d84b (webtiles) character file.

38 Azzok the Firebug (level 3, 0/21 HPs)
             Began as an Octopode Fire Elementalist on Jan 1, 2019.
             Succumbed to an adder's poison
             ... on level 2 of the Dungeon.
             The game lasted 00:01:57 (1619 turns).

Azzok the Firebug (Octopode Fire Elementalist)      Turns: 1619, Time: 00:01:58

Health: 0/21       AC:  1    Str:  3    XL:     3   Next: 43%
Magic:  0/6        EV: 13    Int: 18    God:
Gold:   82         SH:  0    Dex: 12    Spells: 3/7 levels left

rFire    . . .     SeeInvis .   (no weapon)
rCold    . . .     Gourm    .   (no shield)
rNeg     . . .     Faith    .   (helmet restricted)
rPois    .         Spirit   .   (no amulet)
rElec    .         Reflect  .   a - -4 ring of strength (curse)
rCorr    .         Harm     .   (no ring)
MR       .....                  (no ring)
Stlth    +++.......             (no ring)
HPRegen  0.07/turn              (no ring)
MPRegen  0.10/turn              (no ring)
                                (no ring)
                                (no ring)

@: lethally poisoned (0 -> -8)
A: almost no armour, stealthy swim, amphibious, 8 rings, constrict 8, camouflage
1, gelatinous body 1
a: no special abilities


You were on level 2 of the Dungeon.
You were hungry.

You visited 1 branch of the dungeon, and saw 2 of its levels.

You collected 82 gold pieces.

Inventory:

Jewellery
 a - a cursed -4 ring of strength (left tentacle)
Scrolls
 d - a scroll of blinking {unknown}
 e - 2 scrolls of identify {unknown}
 j - a scroll of remove curse {unknown}
 k - 3 scrolls of teleportation {unknown}
Potions
 f - a potion of flight {unknown}
 h - a potion of berserk rage {unknown}
 i - a potion of haste {unknown}
 l - 2 potions of heal wounds {unknown}
 m - a potion of resistance {unknown}
Comestibles
 b - 2 rations
 g - 6 chunks of flesh


   Skills:
 - Level 2.0 Dodging
 - Level 2.6 Stealth
 + Level 2.5 Spellcasting
 + Level 2.0 Conjurations
 + Level 3.5 Fire Magic


You had 3 spell levels left.
You knew the following spells:

 Your Spells              Type           Power        Failure   Level  Hunger
a - Flame Tongue          Conj/Fire      ##...        5%          1    #......
b - Conjure Flame         Conj/Fire      ##......     17%         3    ###....

Your spell library contained the following spells:

 Spells                   Type           Power        Failure   Level  Hunger
 Throw Flame              Conj/Fire      ##....       9%          2    ##.....
 Inner Flame              Hex/Fire       #.......     26%         3    ###....
 Sticky Flame             Conj/Fire      ##......     50%         4    #####..
 Fireball                 Conj/Fire      ##........   83%         5    ######.


Dungeon Overview and Level Annotations

Branches:
Dungeon (2/15)

Altars:
Qazlal
Yredelemnul


Innate Abilities, Weirdness & Mutations

You cannot wear most types of armour.
You are very stealthy in the water. (Stealth+)
You are amphibious.
You can wear up to eight rings at the same time.
You can use your tentacles to constrict eight enemies at once.
Your skin changes colour to match your surroundings (Stealth+).
Your rubbery body absorbs attacks. (AC +1, EV +1)


Message History

You feel sick. The adder closely misses you.
You tentacle-slap the adder but do no damage.
The adder is moderately wounded.
You constrict the adder.
* * * LOW HITPOINT WARNING * * *
You feel sick. The adder closely misses you.
You tentacle-slap the adder.
The adder is heavily wounded.
You constrict the adder, but do no damage.
The adder barely misses you. The adder closely misses you.
You barely miss the adder. Your squeeze misses the adder.
The adder is heavily wounded.
You constrict the adder, but do no damage.
* * * LOW HITPOINT WARNING * * *
You feel sick. The adder bites you.
* * * LOW HITPOINT WARNING * * *
It was a potion of cancellation.
You feel magically purged.
Your magical contamination has completely faded away.
You constrict the adder.
You die...

···▒▒····· ▒▒·····▒···▒·▒
············▒ ·▒ ▒<··· ▒···▒·▒
·▒ ···· ▒·▒▒·▒▒▒·▒▒▒▒
▒··▒▒▒▒····<·······
▒·················
▒▒▒▒▒▒▒▒▒▒▒▒▒▒▒··▒▒▒▒·▒▒·····▒▒
···>···········S@·····▒▒······▒▒
▒·▒▒▒▒▒▒ ▒▒▒▒▒▒·▒▒▒▒▒▒▒▒··▒▒▒▒·▒
▒·▒ ▒· ▒····▒▒·▒ ▒·▒ ▒·
▒·▒▒÷▒▒·▒▒ ▒(▒ ▒▒ ▒··▒·▒····
▒·▒▒▒▒▒▒▒▒ ▒·▒·÷)···· ▒·········
▒·▒▒··▒·▒· ▒·▒▒▒▒▒▒▒▒ ▒·········
▒·▒ ▒·▒▒··▒·▒·


You could see an adder.

Vanquished Creatures
  A dart slug (D:2)
  3 leopard geckos (D:2)
  2 ball pythons
  A giant cockroach (D:1)
  6 goblins
  5 hobgoblins
  3 bats
  4 frilled lizards
  2 kobolds (D:2)
  4 rats (D:1)
31 creatures vanquished.

Notes
Turn   | Place    | Note
-------+----------+-------------------------------------------
     0 | D:1      | Azzok the Octopode Fire Elementalist began the quest for
                  | the Orb.
     0 | D:1      | Reached XP level 1. HP: 11/11 MP: 3/3
   383 | D:1      | Reached XP level 2. HP: 17/17 MP: 0/5
  1110 | D:2      | Found a basalt altar of Yredelemnul.
  1145 | D:2      | Reached XP level 3. HP: 19/21 MP: 2/6
  1150 | D:2      | Learned a level 3 spell: Conjure Flame
  1420 | D:2      | Found a stormy altar of Qazlal.
  1422 | D:2      | Noticed a fire elemental
  1423 | D:2      | Noticed an earth elemental
  1423 | D:2      | Noticed an air elemental
  1423 | D:2      | Noticed a water elemental
  1618 | D:2      | HP: 1/21 [adder (4)]
  1619 | D:2      | Succumbed to an adder's poison

Vault maps used:
D:1:      minmay_arrival_four_houses, grunt_decor_cap
D:2:      overflow_temple_1_default, nicolae_qazlal_style_of_elements,
          uniq_crazy_yiuf_cottage

Skill      XL: |  1  2  3 |
---------------+----------+-----
Conjurations   | 2 |  2.0
Dodging        | |  2.0
Stealth        | |  2.6
Spellcasting   | |  2.5
Fire Magic     | |  3.5

Action                   || total
-------------------------++-------
Melee: Unarmed           ||    19
       Constrict         ||     5
       Tentacles         ||     2
 Cast: Flame Tongue      ||    51
  Use: Potion            ||     1
  Eat: Chunk             ||     2
Dodge: Dodged            ||    27

Table legend:
 A = Non-vault XP
 B = Vault XP
 C = Vault XP percentage of total XP
 D = Non-vault monster count
 E = Vault monster count
 F = Vault count percentage of total count
                 A         B        C        D         E       F
            +---------+---------+-------+---------+---------+-------
      Total |      55 |       0 |   0.0 |      31 |       0 |   0.0
            +---------+---------+-------+---------+---------+-------
        D:1 |      20 |       0 |   0.0 |      14 |       0 |   0.0
        D:2 |      35 |       0 |   0.0 |      17 |       0 |   0.0
            +---------+---------+-------+---------+---------+-------
